 Dungeon Crawl Stone Soup version 0.18.1-6-gd335043 (webtiles) character file.

64027 oplop the Nimble (level 14, -3/104 HPs)
             Began as a Vampire Enchanter on May 18, 2016.
             Was an Elder of Ashenzari.
             Slain by a worm (4 damage)
             ... on level 8 of the Lair of Beasts.
             The game lasted 01:26:18 (23386 turns).

oplop the Nimble (Vampire Enchanter)               Turns: 23386, Time: 01:26:19

Health: -3/104     AC:  7    Str:  9    XL:     14   Next: 70%
Magic:  10/38      EV: 23    Int: 18    God:    Ashenzari [****..]
Gold:   1198       SH:  0    Dex: 19    Spells: 8 memorised, 8 levels left

rFire  + . .     SeeInvis +     x - +5 dagger "Duracwuw" {venom, *Drain rElec rN++ MR+}
rCold  . . .     Gourm    .     b - +1 robe
rNeg   + + +     Faith    .     (no shield)
rPois  .         Spirit   .     (no helmet)
rElec  +         Dismiss  .     V - +2 cloak {+Inv}
rCorr  .         Reflect  .     s - +0 pair of gloves (curse)
SustAt .         Harm     .     (no boots)
MR     ++...     Clarity  +     (no amulet)
Stlth  ++++++....               J - ring of Nel Ren {+Blink MP+9}
                                f - ring of protection from fire

@: repel missiles, very resistant to hostile enchantments, very stealthy
A: fangs 3, see invisible, strong 1, unbreathing
a: Bat Form, Curse Item, Scrying, Renounce Religion, Evoke Blink, Evoke
Invisibility


You were on level 8 of the Lair of Beasts.
You worshipped Ashenzari.
Ashenzari was greatly pleased with you.
You were not thirsty.

You visited 3 branches of the dungeon, and saw 22 of its levels.
You also visited: Labyrinth, Bailey, Ice Cave and Volcano.

You collected 1561 gold pieces.
You spent 363 gold pieces at shops.

Inventory:

Hand Weapons
 o - a +0 blowgun
 x - the +5 dagger "Duracwuw" (weapon) {venom, *Drain rElec rN++ MR+}
   (You bought it in a shop on level 5 of the Dungeon)

   It poisons the flesh of those it strikes.
   It insulates you from electricity.
   It greatly protects you from negative energy.
   It affects your resistance to hostile enchantments.
   It causes draining when unequipped.
Missiles
 m - a throwing net (quivered)
 B - 17 curare-tipped needles
Armour
 b - a +1 robe (worn)
 s - a cursed +0 pair of gloves (worn)
 V - a +2 cloak of invisibility (worn)
Rods
 O - a +0 lightning rod (11/11)
   (You found it on level 8 of the Lair of Beasts)
 R - a +2 iron rod (14/14)
   (You found it in a labyrinth)
 U - a +8 rod of clouds (9/9)
   (You found it in a labyrinth)
Jewellery
 f - a ring of protection from fire (left hand)
 w - an uncursed ring of sustain attributes
 F - an uncursed ring of resist corrosion
 J - the ring of Nel Ren (right hand) {+Blink MP+9}
   (You bought it in a shop on level 5 of the Dungeon)

   [ring of magical power]

   It affects your magic capacity (+9).
   It lets you blink.
 Y - the ring "Woyrphio" {+Inv rN++ AC+1 Str+2 Dex-2}
   (You found it on level 3 of the Lair of Beasts)

   [ring of protection]

   It affects your AC (+1).
   It affects your strength (+2).
   It affects your dexterity (-2).
   It greatly protects you from negative energy.
   It lets you turn invisible.
Wands
 c - a wand of lightning (7/15)
 h - a wand of iceblast (6/15)
 Q - a wand of digging (3/24)
 S - a wand of iceblast (6/15)
 T - a wand of acid (4/15)
Scrolls
 e - 7 scrolls of enchant weapon
 g - 2 scrolls of enchant armour
 i - 13 scrolls of remove curse
 j - a scroll of blinking
 k - 8 scrolls of recharging
 n - 8 scrolls of teleportation
 r - 5 scrolls of fear
 D - 7 scrolls of magic mapping
 E - 3 scrolls of amnesia
 H - a scroll of summoning
 L - 2 scrolls of fog
 P - 3 scrolls of immolation
 Z - a scroll of silence
Potions
 a - 10 potions of curing
 d - 12 potions of blood
 l - a potion of haste
 q - 4 potions of might
 t - 5 potions of heal wounds
 z - 2 potions of brilliance
 A - a potion of cancellation
 C - 2 potions of cure mutation
 G - 2 potions of magic {unknown}
 I - 4 potions of agility {unknown}
 K - a potion of flight
 M - 2 potions of resistance {unknown}
 W - a potion of ambrosia {unknown}
 X - a potion of mutation {unknown}
Books
 u - a Grand Grimoire

   Spells                             Type                      Level
   a - Monstrous Menagerie            Summoning                    7
   b - Summon Greater Demon           Summoning                    7
   c - Malign Gateway                 Summoning/Translocation      7
   d - Summon Horrible Things         Summoning                    8
 y - a book of Alchemy

   Spells                             Type                      Level
   a - Sublimation of Blood           Necromancy                   2
   b - Ignite Poison                  Fire/Transmutation/Poison    3
   c - Petrify                        Transmutation/Earth          4
   d - Alistair's Intoxication        Transmutation/Poison         5
   e - Irradiate                      Conjuration/Transmutation    5
 N - a book of Minor Magic

   Spells                             Type                      Level
   a - Magic Dart                     Conjuration                  1
   b - Blink                          Translocation                2
   c - Call Imp                       Summoning                    2
   d - Repel Missiles                 Charms/Air                   2
   e - Slow                           Hexes                        2
   f - Conjure Flame                  Conjuration/Fire             3
   g - Mephitic Cloud                 Conjuration/Poison/Air       3


   Skills:
 - Level 7.8 Fighting
 - Level 10.0 Short Blades
 + Level 12.4 Dodging
 - Level 10.5 Stealth
 + Level 11.3 Spellcasting
 - Level 12.2 Hexes
 - Level 3.1 Charms
 * Level 9.2 Summonings
 - Level 2.9 Air Magic
 - Level 7.5 Evocations


You had 8 spell levels left.
You knew the following spells:

 Your Spells              Type           Power        Failure   Level  Hunger
a - Summon Mana Viper     Hex/Summ       #####...     2%          5    ####...
b - Ensorcelled Hibernat  Hex/Ice        ####..       1%          2    None
c - Confuse               Hex            ######..     1%          3    None
d - Tukima's Dance        Hex            ######..     1%          3    None
e - Dazzling Spray        Conj/Hex       ####....     1%          3    None
f - Repel Missiles        Chrm/Air       ###...       3%          2    None
g - Blink                 Tloc           N/A          12%         2    None
h - Monstrous Menagerie   Summ           #####.....   96%         7    #######


Dungeon Overview and Level Annotations

Branches:
Dungeon (13/15)            Temple (1/1) D:4            Lair (8/8) D:11
  Swamp (0/4) Lair:6        Snake (0/4) Lair:3        Slime (0/6) Lair:6
    Orc (0/2) D:11
 Vaults: D:13-14

Altars:
Ashenzari
Cheibriados
Dithmenos
Elyvilon
Fedhas
Gozag
Kikubaaqudgha
Makhleb
Nemelex Xobeh
Okawaru
Pakellas
Qazlal
Ru
Sif Muna
Trog
Vehumet
Xom
Yredelemnul
Zin
The Shining One
Jiyva

Shops:
D:4 [   D:5 *   D:11 [

Annotations:
Lair:2 exclusion: 2 oklob plants
Lair:6 1 runed door
Lair:8 1 runed door


Innate Abilities, Weirdness & Mutations

You have razor-sharp teeth.
You have supernaturally acute eyesight.
You can survive without breathing.
Your muscles are strong. (Str +2)


Message History

Press: ? - help, Shift-Dir - straight line, f/p - giant leech
Aim: a giant leech (chance to defeat MR: 56%)
The giant leech appears confused.
You barely miss the giant leech. You barely miss the giant leech.
You hit the giant leech but do no damage.
The giant leech barely misses the worm.
You hit the giant leech but do no damage.
The giant leech is poisoned.
You hit the giant leech but do no damage.
You hit the giant leech.
You bite the giant leech, but do no damage.
The giant leech is lightly wounded.
The giant leech bites you!
* * * LOW HITPOINT WARNING * * *
You strike the helpless giant leech from behind!
You spit the giant leech like a pig!!!
The giant leech is severely wounded.
The worm bites you.
You die...

######## ######## ######
##...#### #####....###
........#####..w@......##
..#.#.....##....w####...#
.######...†#..#### ###..#
#.####.##†††.##* #(...##
###########....# *#†.../#
.#########.#.....#
##...##
.†###########†.....*#####
..#######** ....#.,{ ,
#..###### ,*,..#.# ,


You could see a giant leech (confused) and a worm.

Vanquished Creatures
  The ghost of Arantyr the Grappler, a journeyman TrMo (Lair:1)
  A minotaur (Lab)
  10 hydras
  A centaur warrior (D:13)
  6 death yaks
  Urug (Lair:2)
  3 hill giants
  A necromancer (IceCv)
  2 lindwurms (Lair:8)
  4 orc knights
  2 wolf spiders (Lair:8)
  A hornet (Lair:8)
  A manticore (D:12)
  3 griffons
  A cyclops (D:12)
  An ugly thing (D:11)
  2 torpor snails (Lair:8)
  An ice statue (IceCv)
  6 elephants
  2 molten gargoyles (Volcano)
  13 black mambas
  A gargoyle (D:12)
  3 rime drakes
  An efreet (D:13)
  17 spiny frogs
  6 ice devils (IceCv)
  A polar bear (Lair:5)
  2 two-headed ogres
  2 giant leeches (Lair:8)
  8 blink frogs
  2 redbacks (Lab)
  29 yaks
  8 wyverns
  A spriggan (Lair:5)
  A human (D:10)
  A basilisk (D:12)
  13 hippogriffs
  6 swamp worms (Lair:3)
  2 hell hounds (Lair:5)
  21 water moccasins
  A naga (Lair:3)
  7 porcupines
  14 orc warriors
  4 ice beasts
  A sky beast (D:12)
  5 wasps
  2 eyes of draining (D:8)
  4 black bears
  12 wolves
  A phantom (D:8)
  7 ogres
  A necrophage (D:11)
  17 crocodiles
  8 centaurs
  A big kobold (D:12)
  Blork the orc (D:7)
  19 giant frogs
  A wyvern skeleton (D:6)
  A water moccasin skeleton (D:5)
  4 scorpions
  9 killer bees
  2 howler monkeys
  3 wights
  An electric eel (Lair:6)
  3 crimson imps
  3 centaur zombies
  2 lava snakes (Volcano)
  A draconian simulacrum (IceCv)
  2 quasits
  A giant frog zombie (D:6)
  4 orc priests
  8 hounds
  5 jellies
  5 iguanas
  2 centaur skeletons
  A gnoll shaman (D:7)
  A giant frog skeleton (D:12)
  13 orc wizards
  13 worker ants
  Natasha (twice) (D:2)
  A killer bee zombie (D:8)
  33 sheep
  2 centaur simulacra (IceCv)
  A hound zombie (D:8)
  A hound skeleton (D:8)
  A howler monkey zombie (D:9)
  A worker ant zombie (D:6)
  17 gnolls
  65 river rats
  20 adders
  A naga simulacrum (IceCv)
  An ogre simulacrum (IceCv)
  17 worms
  A dart slug (D:4)
  3 giant geckos
  73 orcs
  5 bats
  5 giant cockroaches
  27 goblins
  17 hobgoblins
  4 jackals (D:2)
  9 kobolds
  7 quokkas
  2 giant newts
  A quokka zombie (D:8)
  7 rats
  A butterfly (Lair:7)
  A fungus (Lair:8)
  A plant (Lair:3)
705 creatures vanquished.

Vanquished Creatures (collateral kills)
  A black mamba (Lair:8)
  2 torpor snails (Lair:8)
  2 wasps (Lair:8)
  2 wights (D:9)
  4 gnolls (D:7)
  10 worms (Lair:8)
  An orc (D:11)
22 creatures vanquished.

Vanquished Creatures (others)
  3 dancing weapons
  22 fungi
  29 plants
54 creatures vanquished.

Grand Total: 781 creatures vanquished

Notes
Turn   | Place    | Note
--------------------------------------------------------------
     0 | D:1      | oplop the Vampire Enchanter began the quest for the Orb.
     0 | D:1      | Reached XP level 1. HP: 13/13 MP: 3/3
   134 | D:1      | Found a shimmering altar of Xom.
   295 | D:1      | Reached XP level 2. HP: 18/19 MP: 5/5
   299 | D:1      | Learned a level 2 spell: Ensorcelled Hibernation
   477 | D:2      | Reached skill level 5 in Stealth
   766 | D:2      | Reached XP level 3. HP: 12/24 MP: 1/6
  1046 | D:2      | Reached skill level 5 in Hexes
  1100 | D:2      | Noticed Natasha
  1103 | D:2      | Killed Natasha
  1103 | D:2      | Reached XP level 4. HP: 30/30 MP: 8/8
  1143 | D:2      | Found a bloodstained altar of Trog.
  1382 | D:3      | Found a snail-covered altar of Cheibriados.
  2069 | D:3      | Reached XP level 5. HP: 28/35 MP: 4/10
  2268 | D:3      | Learned a level 3 spell: Confuse
  2324 | D:2      | Noticed Natasha
  2329 | D:2      | Killed Natasha
  2522 | D:3      | Reached XP level 6. HP: 39/41 MP: 2/11
  2850 | D:4      | Found a staircase to the Ecumenical Temple.
  2858 | D:4      | Noticed an orc warrior
  2893 | D:4      | Killed an orc warrior
  2904 | Temple   | Entered the Ecumenical Temple
  3031 | Temple   | Became a worshipper of Ashenzari the Shackled
  3172 | D:4      | Found Benatir's Armour Shop.
  3177 | D:4      | Bought a cursed +0 pair of gloves for 16 gold pieces
  3252 | D:4      | Found a shattered altar of Ashenzari.
  3362 | D:4      | Found a radiant altar of Vehumet.
  3362 | D:4      | Found an iron altar of Okawaru.
  3431 | D:4      | Reached XP level 7. HP: 46/46 MP: 13/13
  3620 | D:5      | Entered Level 5 of the Dungeon
  3893 | D:5      | Learned a level 3 spell: Tukima's Dance
  3897 | D:5      | Learned a level 3 spell: Dazzling Spray
  3961 | D:5      | Found Agamuom's Assorted Antiques.
  4840 | D:5      | Reached skill level 1 in Fighting
  4955 | D:6      | Found a glowing golden altar of the Shining One.
  5193 | D:6      | Reached XP level 8. HP: 54/54 MP: 15/15
  5204 | D:6      | Reached skill level 5 in Spellcasting
  5205 | D:6      | Found an oddly glowing altar of Pakellas.
  5409 | D:6      | Reached skill level 5 in Short Blades
  6154 | D:7      | Found a basalt altar of Yredelemnul.
  6177 | D:7      | Found a stormy altar of Qazlal.
  6178 | D:7      | Noticed an air elemental
  6245 | D:7      | Found a burning altar of Makhleb.
  6464 | D:7      | Found an opulent altar of Gozag.
  6594 | D:5      | Bought a bone dagger for 175 gold pieces
  6594 | D:5      | Identified the +5 dagger "Duracwuw" {venom, *Drain rElec rN++ MR+} (You bought it in a shop on level 5 of the Dungeon)
  6802 | D:7      | Reached * piety under Ashenzari
  6805 | D:7      | Noticed Blork the orc
  6814 | D:7      | Killed Blork the orc
  6826 | D:7      | Found a deep blue altar of Sif Muna.
  7313 | D:8      | Reached XP level 9. HP: 36/64 MP: 7/17
  7830 | D:8      | Reached skill level 5 in Dodging
  7849 | D:8      | Reached skill level 10 in Hexes
  8160 | D:9      | Found a flagged portal.
  8224 | Bailey   | Entered a bailey
  8335 | Bailey   | namelastname112: ммм
  8337 | Bailey   | namelastname112: да
  8340 | Bailey   | namelastname112: с варлордом
  8351 | Bailey   | namelastname112: @??orc warlord
  8353 | Bailey   | beem: orc warlord (o)
                  | Spd:
    10 | HD: 15   | HP: 96-131
                  | AC/EV: 12/7
                  | Dam: 32
                  | weapons, items, doors, fighter
                  | Res: magic(60)
                  | XP: 1666
                  | Sp: battlecry [!AM]
                  | Sz: Medium
                  | Int: human.
  8360 | Bailey   | namelastname112: 60 мр
  8361 | Bailey   | namelastname112: пробьешь
  8363 | Bailey   | oplop: быстрее он мне череп пробьет
  8363 | Bailey   | namelastname112: пфф
  8363 | Bailey   | namelastname112: в мыши отлетишь
  8363 | Bailey   | namelastname112: делов-то
  8363 | Bailey   | oplop: ну да так то
  8368 | Bailey   | oplop: ммм бля
  8368 | Bailey   | oplop: кураре не взял
  8615 | Bailey   | Noticed an orc warlord
  8616 | Bailey   | Noticed an orc knight
  8621 | Bailey   | Noticed an orc knight
  8669 | Bailey   | Reached XP level 10. HP: 45/73 MP: 3/20
  8712 | Bailey   | Killed an orc knight
  8712 | Bailey   | Identified the amulet "Nuphuoph" {Spirit Str+4} (You took it off an orc knight in a bailey)
  8805 | Bailey   | namelastname112: бля
  8809 | Bailey   | namelastname112: трова акашик просит
  8813 | Bailey   | oplop: лол
  8818 | Bailey   | Killed an orc knight
  8818 | Bailey   | Reached skill level 5 in Fighting
  8918 | D:9      | oplop: короче, я их ограбил
  8918 | D:9      | oplop: бгг
  8918 | D:9      | oplop: vsim-ljveiybr
  8918 | D:9      | oplop: мышь-домушник
  9298 | D:9      | Found a sparkling altar of Nemelex Xobeh.
  9334 | D:9      | Gained mutation: Your muscles are strong. (Str +2) [potion of beneficial mutation]
  9434 | D:9      | Found a sacrificial altar of Ru.
  9795 | D:9      | Found a white marble altar of Elyvilon.
 10049 | D:10     | Entered Level 10 of the Dungeon
 10405 | D:10     | Noticed a hill giant
 10677 | D:10     | Killed a hill giant
 10694 | D:10     | Noticed a hill giant
 10707 | D:10     | Killed a hill giant
 11083 | D:5      | Bought a shimmering copper ring for 125 gold pieces
 11083 | D:5      | Identified the ring of Nel Ren {+Blink MP+9} (You bought it in a shop on level 5 of the Dungeon)
 11083 | D:5      | Bought a dark potion for 22 gold pieces
 11083 | D:5      | Bought a scroll labeled UTIAKE EGUYZUD for 25 gold pieces
 11246 | D:11     | Reached XP level 11. HP: 81/81 MP: 22/22
 11323 | D:11     | Reached skill level 10 in Stealth
 11444 | D:11     | Found Meiheh Vahez's Armour Shoppe.
 11445 | D:11     | Found a staircase to the Orcish Mines.
 11445 | D:11     | Noticed an orc knight
 11485 | D:11     | Killed an orc knight
 11860 | D:11     | Found a staircase to the Lair.
 11877 | D:11     | Reached ** piety under Ashenzari
 11917 | Lair:1   | Entered Level 1 of the Lair of Beasts
 11935 | Lair:1   | Noticed a seven-headed hydra
 11965 | Lair:1   | Killed a seven-headed hydra
 12016 | Lair:1   | Noticed Arantyr's ghost (journeyman TrMo)
 12055 | D:11     | Noticed a red ugly thing
 12068 | D:11     | Killed a red ugly thing
 13356 | D:13     | Noticed a hill giant
 13357 | D:13     | Noticed a centaur warrior
 13394 | D:13     | Noticed a four-headed hydra
 13413 | D:13     | HP: 3/84 [four-headed hydra (15)]
 13451 | D:13     | Killed a four-headed hydra
 13469 | D:13     | Killed a centaur warrior
 13469 | D:13     | Reached XP level 12. HP: 83/91 MP: 24/24
 13493 | D:13     | Reached skill level 10 in Short Blades
 13520 | D:13     | Found a labyrinth entrance.
 13526 | Lab      | Entered a labyrinth
 14076 | Lab      | Found an exit through the horrors of the Abyss.
 14091 | Lab      | Noticed a minotaur
 14098 | Lab      | Found an exit through the horrors of the Abyss.
 14232 | Lab      | Killed a minotaur
 14332 | D:13     | Reached skill level 1 in Evocations
 14349 | D:13     | Noticed an eight-headed hydra
 14363 | D:13     | Killed an eight-headed hydra
 14433 | D:13     | oplop: ??shaolin
 14433 | D:13     | beem: ring of shaolin[1/1]: Unrand ring of +8 EV, counterpart to the ring of Robustness.
 14774 | Lair:1   | namelastname112: ну и нахуй нужны спригганы
 14774 | Lair:1   | namelastname112: если есть вампиры
 14774 | Lair:1   | namelastname112: непонятно
 14774 | Lair:1   | oplop: бгг
 14828 | Lair:1   | Killed Arantyr's ghost
 14828 | Lair:1   | Reached skill level 5 in Evocations
 14859 | Lair:1   | Reached *** piety under Ashenzari
 15165 | Lair:1   | Wingboner: ??ghost words
 15170 | Lair:1   | beem: ghost words[1/2]: ghost titles by XL: 1-3 weakling, 4-6 amateur, 7-10 novice, 11-15 journeyman, 16-21 adept, 22-25 veteran, 26 master, 27 legendary
 15493 | Lair:1   | Wingboner: Что призрак 11-15 уровня делает в депсах?
 15512 | Lair:1   | oplop: ачивка есть
 15512 | Lair:1   | oplop: выиграть до чд19
 15512 | Lair:1   | oplop: xl
 15512 | Lair:1   | Wingboner: !lg herpmino place=depth
 15512 | Lair:1   | beem: No games for herpmino (place=depth).
 15512 | Lair:1   | Wingboner: !lg herpmino place=depths
 15512 | Lair:1   | beem: 9. herpmino the Cleaver (L15 VSGl of The Shining One), blasted by a spriggan air mage (the air) on Depths:1 on 2016-05-18 22:14:06, with 65577 points after 14922 turns and 0:59:07.
 15512 | Lair:1   | oplop: наверное оно и есть
 15515 | Lair:1   | namelastname112: ну ладно
 15521 | Lair:1   | Wingboner: Наверное.
 15524 | Lair:1   | namelastname112: один раз сегодня выиграл
 15550 | Lair:2   | namelastname112: хер с ним
 15587 | Lair:2   | oplop: я утром встал
 15587 | Lair:2   | oplop: проебал хорошего вампира
 15587 | Lair:2   | oplop: и обратно спать лег
 15587 | Lair:2   | namelastname112: !won
 15590 | Lair:2   | beem: namelastname112 has won 123 times in 4125 games (2.98%): 15xDrMo 13xDrCj 8xDrGl 8xDrWn 7xDrAs 7xDrHu 5xDrAK 5xDrCK 3xDrSk 3xDrSu 3xDrTm 3xDrWr 2xDrAE 2xDrAM 2xDrAr 2xDrBe 2xDrEE 2xDrFi 2xDrIE 2xDrNe 2xDrWz 2xFeTm 1xCeMo 1xDDAr 1xDgTm 1xDrEn 1xDrFE 1xDrVM 1xDsMo 1xFeBe 1xFeCK 1xFeMo 1xFeWr 1xFoMo 1xGrBe 1xLaBe 1xMfGl 1xNaMo 1xOpMo 1xTeMo 1xTrMo 1xVSAs 1xVSMo 1xVpEn 1xVpMo
 15592 | Lair:2   | Wingboner: А меня вечером разбудил робот.
 15592 | Lair:2   | oplop: !won
 15592 | Lair:2   | beem: oplop has won 17 times in 1931 games (0.88%): 3xGrFi 2xDrEE 2xMiFi 2xOpIE 2xVSAs 2xVSEn 1xMfIE 1xMfTm 1xMiBe 1xOgWr
 15592 | Lair:2   | Wingboner: Позвонил, предложил кредит.
 15592 | Lair:2   | oplop: лал
 15592 | Lair:2   | Wingboner: Я только секунд через 10 осознал, что мне впаривают.
 15609 | Lair:2   | oplop: мне как то в 4 утра позвонили
 15609 | Lair:2   | oplop: я решил раз проснулся трубку взять
 15609 | Lair:2   | oplop: там какая то тета визжит что я её затопил
 15609 | Lair:2   | oplop: я прислушался, понял что в квартире тихо
 15609 | Lair:2   | oplop: поинтересовался, на каком этаже она живет
 15609 | Lair:2   | oplop: убедил, что я со своего третьего её шестой не могу затопить, даже если бы жил в её подъезде
 15609 | Lair:2   | oplop: и вырубился дальше спать
 15609 | Lair:2   | Wingboner: Ну это смотря как затапливать.
 15609 | Lair:2   | Wingboner: Сейчас найду историю.
 15609 | Lair:2   | Identified a +8 rod of clouds (9/9) (You found it in a labyrinth)
 15610 | Lair:2   | oplop: пиздец родов
 15610 | Lair:2   | oplop: эвоки чтоль вкачать
 15611 | Lair:2   | Identified a +2 rod of clouds (11/11) (You found it on level 8 of the Dungeon)
 15621 | Lair:2   | Learned a level 2 spell: Repel Missiles
 15664 | Lair:2   | Reached skill level 1 in Air Magic
 15671 | Lair:2   | Reached skill level 1 in Charms
 15722 | Lair:2   | Noticed Urug
 15729 | Lair:2   | Killed Urug
 15732 | Lair:2   | Wingboner: >Бабушка наблюдала, да и весь двор об этом говорил, так что верю. Панельная 9-этажка, с крыши бьёт фонтан дерьма.
 15851 | Lair:2   | Wingboner: >Теперь предыстория. У мужика со 2-го этажа тоже потекло из унитаза. Он, будучи начальником пожарной бригады, подогнал к дому пожарную машину, просунул в рукав шланга, герметично закрепил в унитазе брандспойт и включил насос. Кто помнит события августа 91-го, наверное видел по телевизору, как струёй пожарной машины троллейбус опрокинули. Там у водяной пушки напор, конечно посильней, но и в рукаве напор нехилый. Жители подъезда выше второго этажа были приятно удивлены граффити на стенах и потолках санузлов. Так ещё и сорвало какой-то клапан на крыше, окрестности были забрызганы содержимым засорившейся трубы. Зато труба после такой прочистки, наверное, блестела изнутри.
 15855 | Lair:2   | oplop: охуительно прохладная история
 15855 | Lair:2   | oplop: около абсолютного нуля
 15875 | Lair:2   | Wingboner: А то.
 15989 | Lair:2   | Learned a level 2 spell: Blink
 16271 | Lair:2   | barbarian: отличная исотрия
 16296 | Lair:2   | oplop: СУКА
 16296 | Lair:2   | oplop: ОПЯТЬ ГРИМУАР
 16296 | Lair:2   | oplop: каждую игру за вампира гримуар
 16296 | Lair:2   | Wingboner: Хм. Мне фолли упала.
 16296 | Lair:2   | Wingboner: Но стрёмно.
 16296 | Lair:2   | oplop: что стремно?
 16296 | Lair:2   | Wingboner: ??folly
 16296 | Lair:2   | beem: robe of folly[1/1]: A +3 robe of the Archmagi {MR-- Int+5 Curse}. Was -100 MR instead of -80 in 0.13 and older.
 16308 | Lair:2   | oplop: мда
 16308 | Lair:2   | oplop: такое себе
 16367 | Lair:3   | Identified the ring "Woyrphio" {+Inv rN++ AC+1 Str+2 Dex-2}
 16377 | Lair:3   | oplop: мммм
 16377 | Lair:3   | oplop: говнокольца
 16377 | Lair:3   | namelastname112: lol blyat'
 16467 | Lair:3   | oplop: бля
 16467 | Lair:3   | oplop: наги
 16468 | Lair:3   | Found a staircase to the Snake Pit.
 16547 | Lair:3   | Learned a level 7 spell: Monstrous Menagerie
 16568 | Lair:3   | Reached XP level 13. HP: 67/98 MP: 25/25
 16841 | Lair:3   | Reached skill level 1 in Summonings
 16878 | Lair:3   | namelastname112: ммм
 16888 | Lair:3   | namelastname112: червие
 16911 | Lair:3   | namelastname112: хороший воли
 16918 | Lair:3   | namelastname112: волт*
 16928 | Lair:3   | namelastname112: с засадой этой
 17000 | Lair:3   | oplop: я все понял...
 17030 | Lair:3   | namelastname112: лел
 17045 | Lair:3   | namelastname112: не видел раньше?
 17051 | Lair:3   | oplop: видел, года полтора назад наверное
 17179 | Lair:3   | Wingboner: Вот это случай, когда изменение неожиданно не испортило волт, а улучшило.
 17253 | Lair:3   | oplop: вырвырвыр
 17574 | Lair:4   | Reached **** piety under Ashenzari
 18129 | Lair:5   | Reached skill level 10 in Dodging
 18171 | Lair:5   | Found a dark tunnel.
 18179 | Volcano  | Entered a volcano
 18183 | Volcano  | oplop: ой у меня ща пригорит
 18204 | Volcano  | oplop: это КРЕПОСТЬ НОГТЯНЫХ ГОЛЕМОВ
 18262 | Volcano  | Found a radiant altar of Vehumet.
 18329 | Volcano  | oplop: че, их убрали чтоле
 18331 | Volcano  | Wingboner: Мне лунная база выпала.
 18358 | Volcano  | Wingboner: Тролль считается в уники?
 18379 | Volcano  | oplop: нет
 18614 | Lair:5   | Wingboner: @?lunar statue
 18622 | Lair:5   | Found a bloodstained altar of Trog.
 18623 | Lair:5   | beem: lunar statue (8)
                  | Spd: 10 (stationary)
                  | HD: 10
                  | HP: 57-80
                  | AC/EV: 12/1
                  | non-living, unbreathing, vault
                  | Res: magic(immune), fire++, cold++, elec, poison+++, drown, rot+++, neg+++, torm
                  | XP: 726
                  | Sp: brain feed [!sil], draining gaze [!sil], crystal spear (3d28) [!sil], shadow creatures [!sil]
                  | Sz: Large
                  | Int: human.
 18701 | Lair:5   | namelastname112: ублюдская статуя
 18738 | Lair:5   | oplop: говно вызывает?
 18768 | Lair:5   | Wingboner: Так у неё синва нет.
 18859 | Lair:5   | Wingboner: И за ней щит резиста лежал!!!
 18859 | Lair:5   | Wingboner: Отличная статуя.
 18859 | Lair:5   | oplop: кек
 19228 | Lair:6   | Found a staircase to the Swamp.
 19326 | Lair:6   | Reached skill level 5 in Summonings
 19503 | Lair:6   | Found a runed door.
 19503 | Lair:6   | Found a viscous altar of Jiyva.
 19503 | Lair:6   | Noticed an azure jelly
 19504 | Lair:6   | Found a staircase to the Slime Pits.
 19504 | Lair:6   | Noticed an azure jelly
 19615 | Lair:6   | Reached skill level 10 in Spellcasting
 19618 | Lair:6   | Wingboner: &dump
 19621 | Lair:6   | beem: http://CRAWL.XTAHUA.COM/crawl/morgue/Wingboner/Wingboner.txt
 19622 | Lair:6   | Wingboner: Есть два аквариума.
 19797 | Lair:6   | Wingboner: И совершенно нет идей, что бы попросить.
 19802 | Lair:6   | oplop: ювелирку попроси
 19802 | Lair:6   | oplop: хз
 19802 | Lair:6   | oplop: или оставь пока
 20092 | Lair:7   | Reached XP level 14. HP: 104/104 MP: 28/28
 20140 | Lair:7   | Found a frozen archway.
 20152 | IceCv    | Entered an ice cave
 20203 | IceCv    | Wingboner: О, придумал.
 20203 | IceCv    | Wingboner: Палки.
 20476 | IceCv    | namelastname112: го голодай
 20483 | IceCv    | namelastname112: рц++ будет
 20495 | IceCv    | Wingboner: Отлично, с первого аквариума выдало хв.
 20516 | IceCv    | oplop: ммм
 20516 | IceCv    | namelastname112: найс ублинковался
 20523 | IceCv    | oplop: под статуями может быть годнота?
 20523 | IceCv    | namelastname112: там свитки
 20523 | IceCv    | oplop: не посмотреть же
 20523 | IceCv    | namelastname112: обычные
 20523 | IceCv    | namelastname112: посмотреть
 20523 | IceCv    | Wingboner: Да.
 20523 | IceCv    | namelastname112: чому не посмотреть
 20523 | IceCv    | namelastname112: x
 20523 | IceCv    | Wingboner: Посмотреть можно.
 20523 | IceCv    | oplop: а
 20523 | IceCv    | Wingboner: Блинок.
 21696 | Lair:7   | Learned a level 5 spell: Summon Mana Viper
 21931 | Lair:8   | Entered Level 8 of the Lair of Beasts
 22672 | Lair:8   | Reached ***** piety under Ashenzari
 23200 | Lair:8   | oplop: блин
 23200 | Lair:8   | oplop: ненавижу этот волт
 23200 | Lair:8   | oplop: там годнота бывает?
 23200 | Lair:8   | Found a runed door.
 23216 | Lair:8   | Wingboner: Там деньги и шкура
 23220 | Lair:8   | oplop: я про длинный
 23220 | Lair:8   | oplop: а не про дракона
 23220 | Lair:8   | oplop: дракон хуйня
 23285 | Lair:8   | Wingboner: А, там среднего качества лут.
 23285 | Lair:8   | oplop: а вот улитки
 23296 | Lair:8   | Wingboner: Попадалась годна книга.
 23385 | Lair:8   | HP: 1/104 [giant leech (17)]
 23386 | Lair:8   | Slain by a worm

Skill      XL: |  1  2  3  4  5  6  7  8  9 10 11 12 13 14 |
---------------+-------------------------------------------+-----
Stealth        | 5 6 7 9 10 | 10.5
Hexes          | 5 6 7 8 9 10 11 12 | 12.2
Spellcasting   | 3 4 5 6 7 8 10 11 | 11.3
Short Blades   | 2 3 4 5 7 8 9 10 | 10.0
Fighting       | 1 3 4 6 7 |  7.8
Dodging        | 3 4 6 7 9 11 12 | 12.4
Evocations     | 7 |  7.5
Air Magic      | 2 |  2.9
Charms         | 3 |  3.1
Summonings     | 6 9 |  9.2

Action                   |  1- 3 |  4- 6 |  7- 9 | 10-12 | 13-15 || total
-------------------------+-------+-------+-------+-------+-------++-------
Melee: Dagger            |    60 |   149 |   370 |   649 |  1025 ||  2253
       Bite              |     4 |     5 |    31 |    73 |   117 ||   230
 Cast: Ensorcelled Hiber |     6 |    27 |    56 |    92 |   156 ||   337
       Confuse           |       |     5 |    27 |    53 |    35 ||   120
       Tukima's Dance    |       |       |     4 |    10 |     1 ||    15
       Dazzling Spray    |       |       |       |     2 |    54 ||    56
       Repel Missiles    |       |       |       |     1 |       ||     1
       Summon Mana Viper |       |       |       |       |     7 ||     7
Invok: Scrying           |       |       |     2 |     1 |     3 ||     6
 Abil: End Transformatio |       |     3 |     6 |     8 |     7 ||    24
       Bat Form          |       |     3 |     6 |     8 |     7 ||    24
       Evoke Invisibilit |       |       |       |     1 |     7 ||     8
       Evoke Blink       |       |       |       |       |    14 ||    14
Evoke: Wand              |       |       |       |     2 |     2 ||     4
  Use: Potion            |       |     3 |     2 |     9 |     8 ||    22
       Scroll            |       |       |    10 |    12 |    12 ||    34
 Stab: Sleeping          |    15 |    28 |    58 |    84 |   133 ||   318
       Confused          |       |     3 |    17 |    24 |    20 ||    64
       Distracted        |       |       |     1 |     3 |     4 ||     8
       Invisible         |       |       |       |     9 |    48 ||    57
       Paralysed         |       |       |       |     1 |       ||     1
Armor: Robe              |     8 |    20 |    27 |    38 |    79 ||   172
Dodge: Dodged            |    25 |    88 |   151 |   379 |   713 ||  1356
       Deflected         |       |       |       |       |     2 ||     2
